 Dungeon Crawl Stone Soup version 0.21-a0-509-gecc5317402 (webtiles) character file.

14 Kaname the Magician (level 2, 0/19 HPs)
             Began as a Demonspawn Wizard on Nov 29, 2017.
             Slain by a ball python (1 damage)
             ... on level 1 of the Dungeon.
             The game lasted 00:01:43 (895 turns).

Kaname the Magician (Demonspawn Wizard)              Turns: 895, Time: 00:01:44

Health: 0/19       AC:  2    Str:  7    XL:     2   Next: 27%
Magic:  1/6        EV:  9    Int: 19    God:
Gold:   55         SH:  0    Dex: 11    Spells: 4/7 levels left

rFire    . . .     SeeInvis .   (no weapon)
rCold    . . .     Gourm    .   (no shield)
rNeg     . . .     Faith    .   a - +0 robe
rPois    .         Spirit   .   b - +0 hat
rElec    .         Reflect  .   (no cloak)
rCorr    .         Harm     .   (no gloves)
MR       .....                  (no boots)
Stlth    ++........             (no amulet)
HPRegen  0.06/turn              (no ring)
MPRegen  0.10/turn              (no ring)

@: very slightly contaminated, constricted
A: rot immunity
a: no special abilities


You were on level 1 of the Dungeon.
You were not hungry.

You visited 1 branch of the dungeon, and saw 2 of its levels.

You collected 55 gold pieces.

Inventory:

Armour
 a - a +0 robe (worn)
 b - a +0 hat (worn)
Scrolls
 e - a scroll of random uselessness {unknown}
 f - a scroll of identify {unknown}
Books
 c - a book of Minor Magic

   Spells                             Type                      Level
   a - Magic Dart                     Conjuration                  1
   b - Blink                          Translocation                2
   c - Call Imp                       Summoning                    2
   d - Slow                           Hexes                        2
   e - Conjure Flame                  Conjuration/Fire             3
   f - Mephitic Cloud                 Conjuration/Poison/Air       3
Comestibles
 d - a bread ration
 g - 2 fruits


   Skills:
 - Level 1.7 Dodging
 - Level 1.7 Stealth
 - Level 3.0 Spellcasting
 + Level 2.3 Conjurations
   Level 1.0 Summonings
 - Level 0.8 Translocations


You had 4 spell levels left.
You knew the following spells:

 Your Spells              Type           Power        Failure   Level  Hunger
a - Magic Dart            Conj           ##..         6%          1    None
b - Blink                 Tloc           N/A          16%         2    ##.....


Dungeon Overview and Level Annotations

Branches:
Dungeon (2/15)

Altars:

Annotations:
D:1 Natasha


Innate Abilities, Weirdness & Mutations

You are immune to rotting.


Message History

The ball python barely misses you. The ball python constricts you.
Unknown command.
You closely miss the ball python.
The ball python is heavily wounded.
The ball python bites you but does no damage.
* * * LOW HITPOINT WARNING * * *
The ball python constricts you. The ball python barely misses you.
* * * LOW HITPOINT WARNING * * *
The ball python constricts you.
You barely miss the ball python.
The ball python is moderately wounded.
The ball python barely misses you. The ball python constricts you.
You barely miss the ball python.
The ball python is moderately wounded.
The ball python barely misses you. The ball python constricts you.
The iron imp laughs crazily.
You hit the ball python but do no damage.
The ball python is moderately wounded.
The ball python barely misses you.
You die...

.#.....#.# #..#########....÷..
.#.....#.# #.........÷....####
.........# ##.#########..## #.
.#.....#.# #.# ######..# #.
##.....#.# #.# #.......# #.
####.###.# #.# #.####.## ## # #.#
#.#######.####.# #.#
####.###.........)....# #.#
.............###@###### #.#
..........##.# #S#########.#
######'##.##.# #5h.........#
..###≈≈≈#.##.# ############### ##
#.#.'≈≈≈+(##.# ##≈##≈#
#...#≈≈≈####.######## ##≈P≈≈♣≈
#...##'### #........######≈P8P♣8♣
..##.#.#.##########......##≈P..♣.
.....#......## #.####...≈≈<...


You could see an iron imp, Natasha and a ball python.

Vanquished Creatures
  2 leopard geckos (D:1)
  A giant cockroach (D:1)
  A goblin (D:1)
  3 jackals (D:1)
  A bat (D:1)
  A kobold (D:1)
  2 rats (D:1)
11 creatures vanquished.

Vanquished Creatures (others)
  4 toadstools (D:1)
4 creatures vanquished.

Grand Total: 15 creatures vanquished

Notes
Turn   | Place    | Note
-------+----------+-------------------------------------------
     0 | D:1      | Kaname the Demonspawn Wizard began the quest for the Orb.
     0 | D:1      | Reached XP level 1. HP: 13/13 MP: 4/4
   413 | D:1      | Gained mutation: You are immune to rotting. [demonic ancestry]
   413 | D:1      | Reached XP level 2. HP: 19/19 MP: 3/6
   444 | D:1      | Learned a level 2 spell: Blink
   875 | D:2      | Noticed Natasha
   895 | D:1      | Slain by a ball python

Vault maps used:
D:1:      ldierk_walled_garden_2, minmay_liquid_box
D:2:      cheibrodos_helix_gallery, hangedman_decor_peaks_small, uniq_natasha

Skill      XL: |  1 |
---------------+----+-----
Conjurations   | 2 |  2.3
Dodging        | |  1.7
Stealth        | |  1.7
Spellcasting   | |  3.0
Summonings     | |  1.0
Translocations | |  0.8

Action                   || total
-------------------------++-------
Melee: Unarmed           ||    38
 Cast: Magic Dart        ||    30
Armor: Robe              ||    11
Dodge: Dodged            ||    37

Table legend:
 A = Spawn XP
 B = Non-spawn XP
 C = Spawn XP percentage of total XP
 D = Spawn monster count
 E = Non-spawn monster count
 F = Spawn count percentage of total count
 G = Total turns spent on level
                    A         B        C        D         E        F      G
               +---------+---------+-------+---------+---------+-------+---------
         Total |       0 |      20 |   0.0 |       0 |      11 |   0.0 |   895
               +---------+---------+-------+---------+---------+-------+---------
           D:1 |       0 |      20 |   0.0 |       0 |      11 |   0.0 |   888
               +---------+---------+-------+---------+---------+-------+---------
